Map: Hard Lead LE

Players

Subwayeatn - Winner!

  • Race: Zerg Zerg
  • League: Diamond
  • Spawn Location: 11:00

Pyro

  • Race: Zerg Zerg
  • League: Diamond
  • Spawn Location: 5:00

VOD

Have the link to the VOD?

Description

Time

  • Played on: Nov. 16, 2023, 12:13 p.m.
  • Length: 3:36
Show
View Real Time Build Order
Export as new Build Order

Subwayeatn Zerg - Winner!

Build Orders: Pool First 

Get SALT Encoding   

  12  0:00  Drone  
  13  0:09  Drone  
  13  0:13  Extractor  
  13  0:30  Spawning Pool  
  12  0:57  Hatchery  
  11  1:18  Queen  
  13  1:25  Metabolic Boost  
  13  1:34  Overlord  
  13  1:39  Zergling x2  
  14  1:56  Zergling x6  
  17  2:10  Zergling x4  
  19  2:16  Queen  
  21  2:24  Zergling x4  
  23  2:32  Zergling x4  
  25  2:39  Zergling x2  
  25  2:41  Zergling x2  
  27  2:53  Zergling x2  
  26  3:13  Zergling x4  
Show
View Real Time Build Order
Export as new Build Order

Pyro Zerg 

Build Orders: Hatch First 

Get SALT Encoding   

  12  0:00  Drone  
  13  0:12  Overlord  
  13  0:16  Drone  
  14  0:38  Drone x2  
  16  0:48  Hatchery  
  15  0:52  Drone  
  15  0:56  Drone  
  17  1:06  Extractor  
  16  1:12  Spawning Pool  
  16  1:14  Drone  
  16  1:18  Drone  
  17  1:21  Drone  
  18  1:37  Drone  
  19  2:00  Queen x2  
  23  2:02  Zergling x6  
  23  2:07  Baneling Nest  
  23  2:08  Drone  
  26  2:12  Drone  
  26  2:15  Drone  
  28  2:26  Overlord  
  28  2:45  Drone  
  28  2:47  Drone  
  28  2:50  Baneling  
  30  2:52  Zergling x2  
  30  2:54  Hatchery  
  30  2:57  Zergling x2  
  30  2:58  Zergling x6  
  35  3:00  Baneling  
  34  3:12  Zergling x6  
  32  3:13  Zergling x2  
Tags
 
Add a new tag
Caveats
  • Supply blocks, unpowered buildings, or Contaminate may cause inaccurate times.
  • Supply counts are checked every 10 seconds.